 Dungeon Crawl Stone Soup version 0.21.1-1-g345015f (webtiles) character file.

42 shakethe the Chopper (level 3, -3/31 HPs)
             Began as a Hill Orc Gladiator on Feb 26, 2018.
             Slain by a gnoll (7 damage)
             ... on level 2 of the Dungeon.
             The game lasted 00:01:20 (1409 turns).

shakethe the Chopper (Hill Orc Gladiator)           Turns: 1409, Time: 00:01:20

Health: -3/31      AC:  4    Str: 16    XL:     3   Next: 54%
Magic:  0/3        EV: 12    Int:  9    God:
Gold:   60         SH:  0    Dex: 12    Spells: 2/2 levels left

rFire    . . .     SeeInvis .   a - +0 war axe
rCold    . . .     Gourm    .   (no shield)
rNeg     . . .     Faith    .   b - +0 leather armour
rPois    .         Spirit   .   c - +0 helmet
rElec    .         Reflect  .   (no cloak)
rCorr    .         Harm     .   (no gloves)
MR       .....                  (no boots)
Stlth    +.........             (no amulet)
HPRegen  0.10/turn              (no ring)
MPRegen  0.08/turn              (no ring)

@: no status effects
A: no striking features
a: no special abilities


You were on level 2 of the Dungeon.
You were hungry.

You visited 1 branch of the dungeon, and saw 2 of its levels.

You collected 60 gold pieces.

Inventory:

Hand Weapons
 a - a +0 war axe (weapon)
Missiles
 d - 3 throwing nets {=f, !d}
Armour
 b - a +0 leather armour (worn)
 c - a +0 helmet (worn)
 n - a +0 pair of boots
   (You found it on level 1 of the Dungeon)
 o - a +0 pair of gloves
   (You found it on level 1 of the Dungeon)
 p - a +0 chain mail
   (You found it on level 1 of the Dungeon)
Scrolls
 g - a scroll of remove curse {unknown}
 h - a scroll of blinking {unknown}
 i - a scroll of teleportation {unknown}
 r - a scroll of identify {unknown}
Potions
 e - 3 potions of lignification {unknown}
 k - a potion of cancellation
 m - 2 potions of ambrosia {unknown}
Comestibles
 f - 7 rations
 q - a chunk of flesh {@w0@w0}


   Skills:
 + Level 3.3 Fighting
 * Level 5.4 Axes
 - Level 1.7 Throwing
 - Level 2.4 Dodging


You had 2 spell levels left.
You didn't know any spells.

Dungeon Overview and Level Annotations

Branches:
Dungeon (2/15)

Altars:
Gozag


Message History

You start resting.
Health restored: 25 You see here a club.
You see here a robe.
You are feeling very hungry.
There is a stone staircase leading down here.
You climb downwards.
A giant cockroach comes into view.
There is a stone staircase leading up here.
You see here a smoky blue potion.
The giant cockroach closely misses you.
You closely miss the giant cockroach.
The giant cockroach barely misses you. x2
You closely miss the giant cockroach. The giant cockroach misses you.
You hit the giant cockroach.
You kill the giant cockroach!
No target in view!
No target in view!
No target in view!
No target in view!
No target in view!
No target in view!
No target in view!
You butcher the giant cockroach corpse.
q - 2 chunks of flesh {@w0@w0} Eating one of 2 chunks of flesh {@w0@w0}.
You eat one of the 2 chunks of flesh {@w0@w0}.
r - a scroll labeled BOUSAI FUISAKK
f - 7 rations (gained 1)
j - 2 smoky blue potions (gained 1)
You now have 52 gold pieces (gained 11).
m - 2 fuming dark potions (gained 1)
You now have 60 gold pieces (gained 8).
Found an opulent altar of Gozag.
Found a stone staircase leading up.
A gnoll comes into view.
The gnoll shouts!
You hear a shout!
You see here a ration.
The gnoll shouts!
There is a stone staircase leading up here.
You see here a short sword.
You hit the gnoll. The gnoll completely misses you.
You hit the gnoll. The gnoll barely misses you. The gnoll misses you.
You slash the gnoll!
You kill the gnoll!
Your Fighting skill increases to level 3!
Your Axes skill increases to level 5!
The gnoll misses you. The gnoll barely misses you.
Health restored: 26 The gnoll barely misses you.
The gnoll hits you with a spear.
There is a stone staircase leading up, spattered with blood here.
You take 4 damage, and have 22/26 hp.
Unknown command.
You hit the gnoll but do no damage. You hit the gnoll.
The gnoll hits you with an antimagic halberd!
You feel your power leaking away. The gnoll hits you with a spear.
* * * LOW HITPOINT WARNING * * *
You take 16 damage, and have 6/26 hp.
MASSIVE DAMAGE!!
You now have 0/2 mp.
You slash the gnoll!
You kill the gnoll!
You have reached level 3!
Your experience leads to an increase in your attributes!
Increase (S)trength, (I)ntelligence, or (D)exterity?
You feel clever.
You slash the gnoll! The gnoll hits you with a spear.
* * * LOW HITPOINT WARNING * * *
You take 4 damage, and have 2/31 hp.
Unknown command.
It was a potion of haste.
You feel yourself speed up. The gnoll barely misses you. x2
It was a potion of cancellation.
Your magical effects are unravelling.
You feel magically purged.
You feel yourself slow down. The gnoll closely misses you. x2
It was a potion of curing.
You feel better. The gnoll completely misses you. The gnoll closely misses you.
You regained 9 hp, and now have 11/31 hp.
You hit the gnoll. You barely miss the gnoll.
The gnoll hits you but does no damage. The gnoll hits you with a spear.
* * * LOW HITPOINT WARNING * * *
You take 2 damage, and have 9/31 hp.
You barely miss the gnoll. x2; The gnoll completely misses you.
The gnoll hits you with a spear.
* * * LOW HITPOINT WARNING * * *
The gnoll hits you.
* * * LOW HITPOINT WARNING * * *
You take 8 damage, and have 1/31 hp.
MASSIVE DAMAGE!!
You feel better. The gnoll misses you. The gnoll hits you.
* * * LOW HITPOINT WARNING * * *
You regained 3 hp, and now have 4/31 hp.
You hit the gnoll.
You kill the gnoll!
You hit the gnoll.
You are feeling hungry.
The gnoll hits you!
You die...

#.#...#.. #........
##### #.####### #...#
###...#####
#...#######..........
#.....g..gg......####
###...####..#........).
#....)g.##.......####..
#.....@.#####....# ###
#......)# #......
#.......# #.#..#..
#.......# #........
#.......# #...####.
#.......# #.......#
#.......# ............


You could see a gnoll.

Vanquished Creatures
  3 gnolls (D:2)
  A giant cockroach (D:2)
  4 goblins (D:1)
  3 hobgoblins (D:1)
  A rat (D:1)
12 creatures vanquished.

Notes
Turn   | Place    | Note
-------+----------+-------------------------------------------
     0 | D:1      | shakethe the Hill Orc Gladiator began the quest for the Orb.
     0 | D:1      | Reached XP level 1. HP: 18/18 MP: 1/1
   520 | D:1      | Reached XP level 2. HP: 24/25 MP: 2/2
   926 | D:2      | HP: 6/25 [gnoll/antimagic halberd (10)]
   941 | D:1      | HP: 5/25 [hobgoblin (2)]
  1333 | D:2      | Found an opulent altar of Gozag.
  1399 | D:2      | Reached skill level 3 in Fighting
  1399 | D:2      | Reached skill level 5 in Axes
  1401 | D:2      | HP: 6/26 [gnoll/spear (6)]
  1402 | D:2      | Reached XP level 3. HP: 7/31 MP: 0/3
  1402 | D:2      | HP: 2/31 [gnoll/spear (5)]
  1407 | D:2      | HP: 7/31 [gnoll/spear (2)]
  1407 | D:2      | HP: 1/31 [gnoll (6)]
  1409 | D:2      | Slain by a gnoll

Skill      XL: |  1  2 |
---------------+-------+-----
Fighting       | 3 |  3.3
Axes           | 5 |  5.4
Throwing       | |  1.7
Dodging        | |  2.4

Action                   || total
-------------------------++-------
Melee: War axe           ||    44
  Use: Potion            ||     4
  Eat: Chunk             ||     1
Armor: Leather armour    ||    10
Dodge: Dodged            ||    41

Vault maps used:
D:1:      giann_horns
D:2:      lemuel_coloured_pillars_altar, elyvilon_altar_5,
          nicolae_dithmenos_shadow_blocks, first_ration

Table legend:
 A = Turns spent in this place as a percentage of turns spent in the entire game.
 B = Non-inter-level travel turns spent in this place as a percentage of non-inter-level travel turns spent in the entire game.
 C = Inter-level travel turns spent in this place as a percentage of turns spent in this place.
 D = Turns resting spent in this place as a percentage of non-inter-level travel turns spent in this place.
 E = Turns spent auto-exploring this place as a percentage of non-inter-level travel turns spent in this place.
 F = Non-inter-level travel turns spent in this place divided by the number of levels of this place that you've seen.
                   A       B       C       D       E      F
               +-------+-------+-------+-------+-------+----------------------
         Total | 100.0 | 100.0 |  10.1 |  18.1 |  68.5 | 633.0
       Dungeon | 100.0 | 100.0 |  10.1 |  18.1 |  68.5 | 633.0
               +-------+-------+-------+-------+-------+----------------------

Table legend:
 A = Kills in this place as a percentage of kills in entire the game.
 B = Kills by you in this place as a percentage of kills by you in the entire game.
 C = Kills by friends in this place as a percentage of kills by friends in the entire game.
 D = Other kills in this place as a percentage of other kills in the entire game.
 E = Experience gained in this place as a percentage of experience gained in the entire game.
 F = Experience gained in this place divided by the number of levels of this place that you have seen.
                   A       B       C       D       E      F
               +-------+-------+-------+-------+-------+----------------------
         Total | 100.0 | 100.0 |   N/A |   N/A | 100.0 |  30.0
       Dungeon | 100.0 | 100.0 |   N/A |   N/A | 100.0 |  30.0
               +-------+-------+-------+-------+-------+----------------------
